 Dungeon Crawl Stone Soup version 0.17.1-1-g73c8601 (console) character file.

492 Kloppie the Skirmisher (level 6, -5/60 HPs)
             Began as a Minotaur Fighter on Dec 18, 2015.
             Slain by an ogre
             ... wielding a +0 giant club
              (9 damage)
             ... on level 5 of the Dungeon.
             The game lasted 00:05:05 (3424 turns).

Kloppie the Skirmisher (Minotaur Fighter)           Turns: 3424, Time: 00:05:05

Health: -5/60      AC: 10    Str: 23    XL:     6   Next: 91%
Magic:  5/5        EV:  7    Int:  5    God:
Gold:   161        SH:  9    Dex:  9    Spells: 0 memorised, 5 levels left

rFire  . . .     SeeInvis .     a - +1 long sword
rCold  . . .     Clarity  .     b - +0 scale mail
rNeg   . . .     SustAt   .     c - +0 shield
rPois  .         Gourm    .     (helmet restricted)
rElec  .         Spirit   .     n - +0 cloak
rCorr  .         Warding  .     l - +1 pair of gloves
rMut   .         Stasis   .     (no boots)
MR     .....                    (no amulet)
Stlth  +.........               (no ring)
                                k - ring of stealth

@: not resistant to hostile enchantments, very unstealthy
A: retaliatory headbutt, horns 2
a: no special abilities


You were on level 5 of the Dungeon.
You were not hungry.

You visited 1 branch of the dungeon, and saw 5 of its levels.

You collected 161 gold pieces.

Inventory:

Hand Weapons
 a - a +1 long sword (weapon)
Armour
 b - a +0 scale mail (worn)
 c - a +0 shield (worn)
 l - a +1 pair of gloves (worn)
 n - a +0 cloak (worn)
Jewellery
 k - a ring of stealth (left hand)
Wands
 g - a wand of draining (7)
Scrolls
 i - 2 scrolls of teleportation
 j - 3 scrolls of amnesia
 B - a scroll of enchant armour
 D - a scroll of enchant weapon
Potions
 d - 4 potions of might
 f - 3 potions of curing
 m - 2 potions of haste {unknown}
 p - a potion of ambrosia {unknown}
 q - a potion of cure mutation {unknown}
 s - a potion of magic {unknown}
 z - a potion of berserk rage {unknown}
Books
 r - a book of Fire

   Spells                             Type                      Level
   a - Ignite Poison                  Fire/Transmutation/Poison    3
   b - Fireball                       Conjuration/Fire             5
   c - Bolt of Fire                   Conjuration/Fire             6
   d - Delayed Fireball               Conjuration/Fire             7
   e - Ring of Flames                 Charms/Fire                  7
 t - Vehumet's Catalogue of Attacks
   (You found it on level 3 of the Dungeon)

   Spells                             Type                      Level
   a - Magic Dart                     Conjuration                  1
 v - Kikubaaqudgha's Guide on Sinister Secrets
   (You found it on level 3 of the Dungeon)

   Spells                             Type                      Level
   a - Animate Skeleton               Necromancy                   1
 w - Sif Muna's Tome of the Oath
   (You found it on level 3 of the Dungeon)

   Spells                             Type                      Level
   a - Corona                         Hexes                        1
Comestibles
 e - 4 bread rations
 h - 2 slices of pizza
 o - 3 beef jerkies
 u - 2 chunks of flesh
 x - 6 fruits
 C - 2 meat rations


   Skills:
 + Level 7.3 Fighting
 + Level 6.4 Long Blades
 - Level 3.6 Armour
 - Level 3.6 Shields


You had 5 spell levels left.
You didn't know any spells.

Dungeon Overview and Level Annotations

Branches:
Dungeon (5/15)
 Temple: D:4-7

Altars:
Kikubaaqudgha
Sif Muna
Vehumet
Xom


Innate Abilities, Weirdness & Mutations

You reflexively headbutt those who attack you in melee.
You have a pair of horns on your head.


Message History

You headbutt the ogre.
The ogre is lightly wounded.
The orc barely misses you. The ogre hits you with a giant club.
* * * LOW HITPOINT WARNING * * *
You block the orc's attack.
You slash the ogre!
The ogre is almost dead.
The ogre hits you with a giant club!
* * * LOW HITPOINT WARNING * * *
You block the orc's attack.
You hit the ogre.
The ogre is almost dead.
The ogre hits you with a giant club!
* * * LOW HITPOINT WARNING * * *
The orc completely misses you. You furiously retaliate!
You headbutt the orc, but do no damage. You hit the ogre.
The ogre is almost dead.
The ogre hits you with a giant club!
You die...

..#..##### ##.......#
#.. .. .....###.# #.# .8
##.#.# #.# #.# .. #...#
#.# #.# .# #.### #.# #.#
.# ##.# #.# #.###.#
#..#####.# #.#.#O###...
.........####...@).?....
.............>...o......
)..###########..........
#..# ##...###).. ...#
##..# #. #### #..# ...#
#.##


You could see an ogre and an orc.

Vanquished Creatures
  An ogre (D:4)
  2 crimson imps (D:4)
  2 orc priests (D:4)
  An orc wizard (D:3)
  An iguana (D:4)
  2 worker ants
  A hound zombie (D:5)
  3 gnolls
  3 adders
  An adder skeleton (D:3)
  3 worms
  2 giant geckos
  11 orcs
  2 ball pythons
  5 bats
  8 hobgoblins
  4 jackals (D:3)
  3 quokkas
  3 giant cockroaches
  7 giant newts
  4 goblins
  A jackal skeleton (D:4)
  7 kobolds
  7 rats
84 creatures vanquished.

Notes
Turn   | Place    | Note
--------------------------------------------------------------
     0 | D:1      | Kloppie the Minotaur Fighter began the quest for the Orb.
     0 | D:1      | Reached XP level 1. HP: 19/19 MP: 0/0
   108 | D:1      | Reached skill level 4 in Fighting
   138 | D:1      | Reached XP level 2. HP: 14/27 MP: 1/1
   760 | D:2      | Reached XP level 3. HP: 34/34 MP: 2/2
  1364 | D:3      | Reached skill level 5 in Fighting
  1364 | D:3      | Reached XP level 4. HP: 40/42 MP: 3/3
  1376 | D:3      | Found a radiant altar of Vehumet.
  1378 | D:3      | Found an ancient bone altar of Kikubaaqudgha.
  1378 | D:3      | Found a deep blue altar of Sif Muna.
  1383 | D:3      | Identified Vehumet's Catalogue of Attacks
  1390 | D:3      | Identified Kikubaaqudgha's Guide on Sinister Secrets
  1399 | D:3      | Identified Sif Muna's Tome of the Oath
  2033 | D:4      | Reached XP level 5. HP: 39/50 MP: 4/4
  2506 | D:4      | Reached skill level 6 in Fighting
  2506 | D:4      | Reached skill level 5 in Long Blades
  2831 | D:4      | Noticed an ogre
  2845 | D:4      | Killed an ogre
  2845 | D:4      | Reached XP level 6. HP: 51/58 MP: 5/5
  3067 | D:4      | Found a shimmering altar of Xom.
  3089 | D:4      | Reached skill level 7 in Fighting
  3290 | D:5      | Entered Level 5 of the Dungeon
  3424 | D:5      | Slain by an ogre

Action                   |  1- 3 |  4- 6 || total
-------------------------+-------+-------++-------
Melee: Long sword        |    84 |   172 ||   256
  Use: Scroll            |       |    10 ||    10
       Potion            |       |     2 ||     2
  Eat: Chunk             |     1 |     7 ||     8
